 Dungeon Crawl Stone Soup version 0.16-a0-1132-gad589c6 (webtiles) character file.

163 Qrupt the Caller (level 5, -6/42 HPs)
             Began as a Tengu Summoner on Oct 7, 2014.
             Was an Initiate of Qazlal.
             Killed by divine providence
             ... invoked by an orc priest
              (14 damage)
             ... on level 4 of the Dungeon.
             The game lasted 00:15:05 (3638 turns).

Qrupt the Caller (Tengu Summoner)                   Turns: 3638, Time: 00:15:05

Health: -6/42      AC: 22    Str:  9    XL:     5   Next: 44%
Magic:  8/13       EV:  2    Int: 15    God:    Qazlal [......]
Gold:   147        SH:  0    Dex: 15    Spells: 3 memorised, 3 levels left

rFire  . . .     SeeInvis .     h - +1 whip
rCold  . . .     Clarity  .     l - melded +0 leather armour
rNeg   + + +     SustAb   .     (no shield)
rPois  +         Gourm    .     (helmet currently unavailable)
rElec  .         Spirit   .     (cloak currently unavailable)
rCorr  +         Warding  .     (gloves currently unavailable)
rMut   .         NoTele   +     (boots unavailable)
MR     .....                    j - amulet of resist corrosion
Stlth  +++.......               (no ring)
                                u - ring of stealth

@: tree-form, very slightly contaminated, not resistant to hostile enchantments,
fairly stealthy
A: able to fly, (beak), (talons 0)
a: Fly, Renounce Religion


You were on level 4 of the Dungeon.
You worshipped Qazlal.
Qazlal was noncommittal.
You were hungry.
You were a tree.
You visited 1 branch of the dungeon, and saw 4 of its levels.

You collected 147 gold pieces.

Inventory:

Hand weapons
 h - a +1 whip (weapon)
Armour
 a - a +0 robe
 l - a +0 leather armour (melded)
Comestibles
 c - a bread ration
 g - 5 fruits
 i - a royal jelly
 m - 2 chunks of goblin flesh
 t - a meat ration
Scrolls
 d - a scroll of enchant weapon
Jewellery
 j - an amulet of resist corrosion (around neck)
 u - a ring of stealth (left branch)
Potions
 e - a potion of flight
 f - a potion of brilliance
 k - 4 potions of curing
 n - a potion of resistance
 p - a potion of haste
 r - a potion of magic
Books
 b - a book of Callings

   Spells                             Type                      Level
   *Summon Small Mammal               Summoning                    1
   *Call Imp                          Summoning                    2
   Call Canine Familiar               Summoning                    3
   Summon Guardian Golem              Hexes/Summoning              4
   *Summon Lightning Spire            Summoning/Air                4
   Summon Ice Beast                   Ice/Summoning                4


   Skills:
 - Level 3.4 Dodging
 - Level 2.0 Stealth
 - Level 3.2 Spellcasting
 - Level 5.6 Summonings
 + Level 3.1 Air Magic


You had 3 spell levels left.
You knew the following spells:

 Your Spells              Type           Power        Failure   Level  Hunger
a - Summon Small Mammal   Summ           ###.         1%          1    #......
b - Call Imp              Summ           ###.....     3%          2    ##.....
c - Summon Lightning Spi  Summ/Air       ###.....     34%         4    #####..


Dungeon Overview and Level Annotations

Branches:
Dungeon (4/15)
 Temple: D:4-7

Altars:
Cheibriados
Gozag
Qazlal
Vehumet
Zin


Innate Abilities, Weirdness & Mutations

You can fly.
((You have a beak for a mouth.))
((You have claws for feet.))


Message History

You turn into a tree.
Your +0 leather armour melds into your body.
Your roots penetrate the ground.
It was a potion of lignification.
Your iron imp hits the orc.
The orc priest mumbles some strange prayers to Beogh against you.
Something smites you!
* * * LOW HITPOINT WARNING * * *
The orc hits you but does no damage.
Read which item? (? for menu, Esc to quit)
Okay, then.
Casting: Summon Small Mammal
Confirm with . or Enter, or press ? or * to list all spells.
Aiming: Summon Lightning Spire
Press: ? - help, Dir - move target cursor You miscast Summon Lightning Spire.
You are very lightly contaminated with residual magic.
The wind howls around you!
The orc priest calls down the wrath of Beogh upon you.
Something smites you!
You die...

#.##.###....#.#
#..)....#
.....# #.####.#
#.#.###.#
.....# #.####.#
#.#.###.#
#.##.# #......#
#.......#
#.##.# ########
###.#####
#.##.# ###.#
#..... ##!#o#
.....# ##.5).##
#.## #♣o....# .
#.......#
##......#
##...### ##.##
#.# #.# (#


You could see an orc priest, an orc and a friendly iron imp.

Vanquished Creatures
  2 adders
  A worm (D:2)
  2 giant geckos (D:3)
  A ball python (D:3)
  6 goblins
  7 hobgoblins
  A jackal (D:2)
  2 kobolds
  2 bats
  3 giant cockroaches
  8 rats
35 creatures vanquished.

Vanquished Creatures (collateral kills)
  A phantom (D:4)
  A hound (D:3)
  4 adders (D:2)
  A worm (D:3)
  3 giant geckos (D:3)
  An orc (D:4)
  A goblin (D:3)
  2 hobgoblins (D:2)
  A quokka (D:3)
  A ball python (D:2)
  A giant cockroach (D:1)
  2 giant newts
  5 jackals
  2 kobolds
26 creatures vanquished.

Vanquished Creatures (others)
  2 crimson imps
  3 white imps
  3 shadow imps
  A quokka (D:4)
  A bat (D:2)
  A rat (D:2)
11 creatures vanquished.

Grand Total: 72 creatures vanquished

Notes
Turn   | Place    | Note
--------------------------------------------------------------
     0 | D:1      | Qrupt, the Tengu Summoner, began the quest for the Orb.
     0 | D:1      | Reached XP level 1. HP: 10/10 MP: 3/3
   649 | D:1      | Reached XP level 2. HP: 15/15 MP: 5/5
   709 | D:2      | Reached skill level 5 in Summonings
   832 | D:2      | Learned a level 2 spell: Call Imp
   953 | D:2      | Reached XP level 3. HP: 16/19 MP: 3/7
  1240 | D:2      | Found a stormy altar of Qazlal.
  2199 | D:3      | Reached XP level 4. HP: 16/24 MP: 6/9
  2640 | D:3      | Found a snail-covered altar of Cheibriados.
  2640 | D:3      | Found a radiant altar of Vehumet.
  2641 | D:3      | Found a stormy altar of Qazlal.
  2797 | D:3      | Found an opulent altar of Gozag.
  2798 | D:3      | Found a glowing silver altar of Zin.
  2980 | D:3      | Became a worshipper of Qazlal Stormbringer
  3237 | D:4      | Noticed an ogre
  3245 | D:3      | Learned a level 4 spell: Summon Lightning Spire
  3486 | D:4      | Reached skill level 1 in Air Magic
  3529 | D:4      | Reached XP level 5. HP: 23/28 MP: 13/13
  3541 | D:4      | Noticed a phantom
  3565 | D:4      | Killed a phantom
  3638 | D:4      | Killed from afar by an orc priest

Action                   |  1- 3 |  4- 6 || total
-------------------------+-------+-------++-------
Melee: Whip              |    89 |    42 ||   131
       Unarmed           |     2 |       ||     2
 Cast: Summon Small Mamm |    13 |     2 ||    15
       Call Imp          |    13 |    25 ||    38
  Use: Potion            |     2 |     1 ||     3
       Scroll            |       |    12 ||    12
 Stab: Sleeping          |     1 |     1 ||     2
  Eat: Chunk             |     4 |     6 ||    10
